 Dungeon Crawl Stone Soup version 0.29.1-15-g9cfb28693d (webtiles) character file.

Game seed: 11092916999653043687

3427 hawla the Arsonist (level 10, -5/73 HPs)
             Began as a Meteoran Fire Elementalist on Mar 19, 2023.
             Was an Initiate of Vehumet.
             Slain by a two-headed ogre
             ... wielding a +0 giant club
              (29 damage)
             ... on level 7 of the Dungeon.
             The game lasted 00:12:48 (3542 turns).

hawla the Arsonist (Meteoran Fire Elementalist)     Turns: 3542, Time: 00:12:49

Health: -5/73      AC:  8    Str:  8    XL:     10   Next: 49%
Magic:  24/25      EV: 15    Int: 23    God:    Vehumet [......]
Gold:   379        SH:  0    Dex: 23    Spells: 22/29 levels left

rFire   . . .      SeeInvis .   p - +12 dagger of Suump {flame, Fragile rPois Dex+8 Stlth+}
rCold   . . .      Faith    .   (no shield)
rNeg    . . .      Spirit   .   u - +0 steam dragon scales
rPois   +          Reflect  .   w - +0 helmet
rElec   .          Harm     .   (no cloak)
rCorr   .          Rampage  +   c - +0 pair of gloves
Will    +....                   e - +0 pair of boots of the Vestibule of Hell {Rampage Str-2 Int+2}
Stlth   ++........              g - amulet of magic regeneration
HPRegen 0.22/turn               (no ring)
MPRegen 0.59/turn               (no ring)

@: glowing
A: sense surroundings 2, otherworldly, glowing, explore regen
a: Renounce Religion


You were on level 7 of the Dungeon.
You worshipped Vehumet.
Vehumet was noncommittal.
You visited 2 branches of the dungeon, and saw 8 of its levels.

You collected 379 gold pieces.

Inventory:

Hand Weapons
 p - the +12 dagger of Suump (weapon) {flame, Fragile rPois Dex+8 Stlth+}
   (You found it on level 4 of the Dungeon)

   It burns those it strikes, dealing additional fire damage.
   Dex:       It affects your dexterity (+8).
   rPois:     It protects you from poison.
   Fragile:   It will be destroyed if unequipped.
   Stlth:     It makes you more stealthy.
Armour
 c - a +0 pair of gloves (worn)
 e - the +0 pair of boots of the Vestibule of Hell (worn) {Rampage Str-2 Int+2}
   (You found it on level 3 of the Dungeon)

   Str:       It affects your strength (-2).
   Int:       It affects your intelligence (+2).
   Rampage:   It bestows one free step when moving towards enemies.
 u - +0 steam dragon scales (worn)
 w - a +0 helmet (worn)
Jewellery
 g - an amulet of magic regeneration (around neck)
Wands
 q - a wand of digging (4)
Scrolls
 a - a scroll of identify {unknown}
 h - a scroll of immolation {unknown}
 i - 2 scrolls of teleportation
 k - 2 scrolls of fear
 s - a scroll of magic mapping
 t - a scroll of poison {unknown}
 x - a scroll of brand weapon {unknown}
 y - a scroll of vulnerability {unknown}
Potions
 b - 5 potions of magic
 d - a potion of brilliance {unknown}
 f - a potion of heal wounds {unknown}
 l - a potion of cancellation {unknown}
 m - a potion of attraction {unknown}
 n - 2 potions of curing {unknown}
 o - a potion of degeneration {unknown}
 r - 2 potions of flight {unknown}
 v - a potion of berserk rage {unknown}
 z - a potion of lignification {unknown}
 A - a potion of invisibility {unknown}


   Skills:
 + Level 1.9 Fighting
 + Level 2.5(2.6) Short Blades
 - Level 0.6(1.9) Long Blades
 + Level 5.0 Dodging
 - Level 1.4 Stealth
 + Level 10.3 Spellcasting
 + Level 6.3 Conjurations
 + Level 10.7 Fire Magic


You had 22 spell levels left.
You knew the following spells:

 Your Spells              Type           Power      Damage    Failure   Level
a - Foxfire               Conj/Fire      100%       2x1d9     1%          1
b - Scorch                Fire           100%       2d10      1%          2
c - Flame Wave            Conj/Fire      50%        2d12      1%          4

Your spell library contained the following spells:

 Spells                   Type           Power      Damage    Failure   Level
 Conjure Flame            Conj/Fire      50%        6-21      1%          3
 Inner Flame              Hex/Fire       36%        N/A       1%          3
 Necrotise                Necr           44%        1d6       5%          1
 Gell's Gravitas          Tloc           11%        N/A       16%         3
 Lesser Beckoning         Tloc           11%        N/A       16%         3
 Portal Projectile        Hex/Tloc       22%        N/A       16%         3
 Teleport Other           Tloc           11%        N/A       16%         3
 Tukima's Dance           Hex            11%        N/A       16%         3
 Vampiric Draining        Necr           11%        2d6       16%         3
 Passage of Golubria      Tloc           11%        N/A       47%         4
 Agony                    Necr           11%        N/A       83%         5
 Blade Hands              Tmut           5%         N/A       83%         5
 Yara's Violent Unravell  Hex/Tmut       5%         3d4       83%         5
 Dispersal                Tloc           5%         N/A       100%        6


Dungeon Overview and Level Annotations

Branches:
Dungeon (7/15) Zot: 665    Temple (1/1) D:7 Zot: 587

Altars:
Ashenzari
Cheibriados
Fedhas
Gozag
Kikubaaqudgha
Sif Muna
Vehumet
Xom
The Shining One

Annotations:
D:7 1 transporter


Innate Abilities, Weirdness & Mutations

You passively map the area around you.
You are easily found by Zot.
You glow in the dark.
You regain HP and MP as you explore.


Message History

There is a radiant altar of Vehumet here.
You kneel at the altar of Vehumet.
Vehumet welcomes you!
(D) Dungeon (T) Temple
Where to? (Enter - Temple @ (x,y), ? - help)
What level of the Dungeon? (default 7, ? - help)
There is a staircase back to the Dungeon here.
You climb upwards.
Welcome back to the Dungeon!
Level annotation: 2 transporters
There is a staircase to the Ecumenical Temple here.
Saving game... please wait.
Level annotation: 2 transporters Welcome back, hawla the Meteoran Fire Elementalist.
Vehumet says: Let it end in hellfire!
Press ? for a list of commands and other information.
Partly explored, unvisited transporter.
Search for what [? for help]? tif Search for what [Enter for "tif", or ? for help]? trans The orc wizard shouts! x2; The orc shouts!
The orc warrior shouts!
You hear a shout!
There is a transporter here.
As you read the scroll labelled UXKAOS AZEHO, it crumbles to dust.
Wisps of shadow whirl around you...
It was a scroll of summoning.
You enter the transporter and appear at another place.
The two-headed ogre shouts in stereo!
You hear a shout!
The orc wizard hits your wight but does no damage.
The two-headed ogre hits you with a +0 giant club!
The two-headed ogre hits you with a +0 giant club!!
The orc warrior hits your wight with a +0 dire flail.
Your white imp hits the two-headed ogre.
Your white imp freezes the two-headed ogre.
Unknown command.
Cast which spell? (? or * to list) Flames lash the two-headed ogre.
The two-headed ogre is moderately wounded.
The two-headed ogre's fire resistance burns away.
The orc wizard closely misses your wight.
The orc barely misses something.
The two-headed ogre hits you with a +0 giant club!! x2
You die...

# ##.##.# ##.# ##.#.#.## # #.##.#
#..# #.#.#.## # #.##.#
############..... #####.##.#
##......... ####.# .>.......#
#.oz# *##.. * #.# #####.##.#
###oz) *.#....####.# #####.##.#
#.#o#, ,....#o#..... ......##.#
##.#o##.8.8.##.#.#..# ########.#
#.©#@#.o.o..o#©#©...# ########.##
#..#O##o8.8.##o#.##.# ..........#
#..#5#, ,...[#o#.##.# ########.<#
#..#ooo,* #$.o.####.. #..#
##.#...# *##... ### #..#
#.##.....(o.. #.
########..####.#################.
.............#.##.## #.........
########...........# #########.


You could see a two-headed ogre (combustible, ally target), an orc warrior, 2
orc wizards, 3 orcs, 2 friendly wights, 2 friendly orc wizards, a friendly white
imp (summoned) and 2 friendly orcs.

Vanquished Creatures
  Maggie (D:6)
  Grinder (D:6)
  3 yaks (D:7)
  Menkaure (D:4)
  A water moccasin (D:6)
  2 ice beasts
  A sky beast (D:7)
  A black bear (D:6)
  An ogre (D:6)
  4 centaurs
  A phantom (D:5)
  A kobold brigand (D:7)
  2 bullfrogs
  A scorpion (D:5)
  2 gnoll sergeants
  2 necrophages
  5 killer bees (D:7)
  2 vampire bats (D:5)
  4 hounds
  3 orc priests
  A jelly (D:7)
  2 iguanas
  7 orc wizards
  6 gnolls
  4 adders
  A shadow imp (D:7)
  3 white imps (D:6)
  3 ufetubi
  2 worms
  2 dart slugs
  17 orcs
  A ball python (D:3)
  A bat skeleton (D:5)
  3 bat zombies (D:5)
  4 endoplasms
  A giant cockroach (D:3)
  3 goblins
  3 hobgoblins (D:4)
  3 jackals (D:3)
  6 kobolds
  2 quokkas
  3 bats (D:3)
  3 rats
120 creatures vanquished.

Vanquished Creatures (others)
  108 foxfires
  2 plants (D:4)
110 creatures vanquished.

Grand Total: 230 creatures vanquished

Notes
Turn   | Place    | Note
-------+----------+-------------------------------------------
     0 | D:1      | hawla the Meteoran Fire Elementalist began the quest for
                  | the Orb.
     0 | D:1      | Reached XP level 1. HP: 14/14 MP: 5/5
    50 | D:1      | Reached XP level 2. HP: 20/20 MP: 3/6
    53 | D:1      | Learned a level 2 spell: Scorch
   184 | D:3      | Found Cainel's Magic Scroll Boutique.
   214 | D:3      | Reached XP level 3. HP: 24/26 MP: 6/8
   237 | D:3      | Reached XP level 4. HP: 21/33 MP: 5/10
   242 | D:3      | Learned a level 4 spell: Flame Wave
   412 | D:3      | Identified the +0 pair of boots of the Vestibule of Hell
                  | {Rampage Str-2 Int+2}
   818 | D:4      | Reached XP level 5. HP: 38/38 MP: 8/11
   927 | D:4      | Noticed Menkaure
   934 | D:4      | Killed Menkaure
   935 | D:4      | Reached skill level 5 in Fire Magic
   935 | D:4      | Reached XP level 6. HP: 14/45 MP: 4/13
  1074 | D:4      | Found a blossoming altar of Fedhas.
  1086 | D:4      | Identified the +12 dagger of Suump {flame, Fragile rPois
                  | Dex+8 Stlth+}
  1103 | D:4      | Reached XP level 7. HP: 40/50 MP: 7/14
  1236 | D:4      | Found a glowing golden altar of the Shining One.
  1391 | D:5      | Entered Level 5 of the Dungeon
  1619 | D:5      | Reached skill level 5 in Spellcasting
  1619 | D:5      | Reached skill level 5 in Conjurations
  1619 | D:5      | Reached XP level 8. HP: 57/57 MP: 10/16
  1896 | D:5      | Found an ancient bone altar of Kikubaaqudgha.
  2060 | D:6      | Noticed Grinder
  2066 | D:6      | Killed Grinder
  2098 | D:6      | Gained mutation: You passively map the area around you.
                  | [Meteoran growth]
  2098 | D:6      | Reached XP level 9. HP: 58/62 MP: 15/20
  2762 | D:6      | Noticed Maggie
  2770 | D:6      | Killed Maggie
  2771 | D:6      | Reached skill level 1 in Fighting
  2771 | D:6      | Reached skill level 1 in Short Blades
  2833 | D:6      | Found a broken altar of Ashenzari.
  2880 | D:6      | You fall into a shaft and drop 1 floor!
  2919 | D:7      | Reached XP level 10. HP: 70/71 MP: 24/24
  2987 | D:7      | Found a transporter.
  2988 | D:7      | Found a transporter.
  2990 | D:7      | Noticed a two-headed ogre
  3073 | D:7      | Found a staircase to the Ecumenical Temple.
  3083 | D:7      | Reached skill level 10 in Fire Magic
  3091 | D:7      | Reached skill level 5 in Dodging
  3091 | D:7      | Reached skill level 10 in Spellcasting
  3158 | D:7      | Found a snail-covered altar of Cheibriados.
  3481 | Temple   | Entered the Ecumenical Temple
  3487 | Temple   | Became a worshipper of Vehumet
  3536 | D:7      | Identified the +3 broad axe "Suyx" {flame, Contam *Rage
                  | Str+3 Dex+6}
  3542 | D:7      | Slain by a two-headed ogre

Illustrated notes

Levels and vault maps discovered:
D:1:      sevenhm_arrival_forest_fort_small_4, layout_basic,
          hellmonk_ecumenical_altar_blasted
D:2:      layout_rooms, nicolae_hexahallways, kennysheep_generic_room_5
D:3:      layout_basic, serial_shops, nicolae_diamond_shop,
          cheibrodos_sewer_entry_bend, grunt_decor_mini_mirrors, corner_web_ring
D:4:      layout_rooms, fedhas_ov_isle_minmay, amcnicky_altar_gilded,
          uniq_menkaure
D:5:      layout_basic, kennysheep_vampire_church
D:6:      layout_layer_cave, ashenzari_conservatory_becter, grunt_ministairs_4,
          kennysheep_small_square, uniq_maggie, uniq_grinder
D:7:      gammafunk_beogh_shrine, layout_loops_ring, overflow_temple_1_default,
          minmay_temple_entry_glass
Temple:   nicolae_temple_bog_church

Skill      XL: |  1  2  3  4  5  6  7  8  9 10 |
---------------+-------------------------------+-----
Spellcasting   | 3 4 5 7 9 10 | 10.3
Fire Magic     | 4 5 6 8 9 10 | 10.7
Conjurations   | 2 3 4 5 6 |  6.3
Dodging        | 3 4 5 |  5.0
Fighting       | 1 |  1.9
Short Blades   | 1 2 |  2.5
Long Blades    | |  0.6
Stealth        | |  1.4

Action                   |  1- 3 |  4- 6 |  7- 9 | 10-12 || total
-------------------------+-------+-------+-------+-------++-------
Melee: Unarmed           |     9 |       |       |       ||     9
       Long sword        |       |    12 |       |       ||    12
       Dagger            |       |       |    30 |    20 ||    50
       Punch             |       |       |     1 |       ||     1
 Cast: Foxfire           |    19 |    22 |    25 |     1 ||    67
       Scorch            |     2 |     9 |    36 |     8 ||    55
       Flame Wave        |       |     2 |    10 |     6 ||    18
  Use: Scroll            |     1 |     1 |     5 |     1 ||     8
Armor: Robe              |     3 |     9 |     8 |       ||    20
       Steam dragon scal |       |       |     1 |    23 ||    24
Dodge: Dodged            |     7 |    12 |    43 |    25 ||    87
